 Dungeon Crawl Stone Soup version 0.30-a0-800-g7c544603b3 (webtiles) character file.

Game seed: 11465528304217035048

63 Pimp the Sneak (level 3, 0/18 HPs)
             Began as a Spriggan Brigand on Feb 21, 2023.
             Slain by an orc
             ... wielding a +0 flail
              (4 damage)
             ... on level 3 of the Dungeon.
             The game lasted 00:02:14 (1062 turns).

Pimp the Sneak (Spriggan Brigand)                   Turns: 1062, Time: 00:02:15

Health: 0/18       AC:  3    Str:  7    XL:     3   Next: 87%
Magic:  4/4        EV: 17    Int: 12    God:
Gold:   74         SH:  0    Dex: 18    Spells: 2/2 levels left

rFire   . . .      SeeInvis +    g - +1 dagger (protect)
rCold   . . .      Faith    .    (no shield)
rNeg    + . .      Spirit   .    b - +0 robe
rPois   .          Reflect  .    (helmet restricted)
rElec   .          Harm     .    c - +0 cloak
rCorr   .          Rampage  .    (gloves unavailable)
Will    .....                    (boots unavailable)
Stlth   +++                      (no amulet)
HPRegen 0.23/turn                q - ring of positive energy
MPRegen 0.09/turn                (no ring)

@: weak-willed, very quick
A: very small, no large weapons, unfitting armour, see invisible, speed 3
a: no special abilities


You were on level 3 of the Dungeon.
You visited 1 branch of the dungeon, and saw 3 of its levels.

You collected 74 gold pieces.

Inventory:

Hand Weapons
 a - a +2 dagger
 g - a +1 dagger of protection (weapon)
Missiles
 d - 12 poisoned darts (quivered)
 e - 3 curare-tipped darts
Armour
 b - a +0 robe (worn)
 c - a +0 cloak (worn)
Jewellery
 q - a ring of positive energy (left hand)
Wands
 j - a wand of paralysis (5)
Scrolls
 k - a scroll of immolation
 n - a scroll of identify
 o - 2 scrolls of teleportation {unknown}
 p - a scroll of brand weapon {unknown}
 s - a scroll of enchant weapon {unknown}
Potions
 f - 2 potions of curing {unknown}
 h - a potion of resistance {unknown}
 i - a potion of mutation {unknown}
 m - a potion of flight {unknown}
 r - a potion of attraction {unknown}


   Skills:
 + Level 2.1 Fighting
 + Level 2.8 Short Blades
 + Level 2.5 Throwing
 + Level 2.5 Dodging
 + Level 6.4 Stealth


You had 2 spell levels left.
You didn't know any spells.
Your spell library was empty.

Dungeon Overview and Level Annotations

Branches:
Dungeon (3/15)

Altars:


Innate Abilities, Weirdness & Mutations

You are very small and have problems with some larger weapons.
You are too small for most types of armour.
You have supernaturally acute eyesight. (SInv)
You cover ground extremely quickly. (Speed+++)


Message History

You barely miss the orc wizard.
The orc wizard is heavily wounded.
You hit the orc wizard.
The orc wizard is severely wounded.
The orc wizard hits you with a +0 dagger.
The orc misses you. The orc hits you with a +0 club.
You hit the orc wizard.
You kill the orc wizard!
The orc misses you. x2
You barely miss the orc. The orc hits you but does no damage.
The orc barely misses you.
You hit the orc.
The orc is heavily wounded.
The orc closely misses you.
You closely miss the orc. The orc barely misses you.
The orc hits you with a +0 club. The orc hits you with a +0 flail.
You hit the orc.
The orc is heavily wounded.
You hit the orc.
The orc is heavily wounded.
The orc closely misses you. The orc hits you with a +0 flail.
The orc completely misses you.
You barely miss the orc. The orc barely misses you.
You see here 10 gold pieces.
There are monsters nearby!
There are monsters nearby!
There are monsters nearby!
There are monsters nearby!
The orc throws a boomerang.
The boomerang misses you.
You closely miss the orc.
The orc is moderately wounded.
The orc completely misses you.
The orc throws a boomerang.
The boomerang completely misses you.
The orc throws a boomerang.
The boomerang completely misses you. The orc hits you with a +0 flail!
* * * LOW HITPOINT WARNING * * *
You completely miss the orc.
The orc is moderately wounded.
The orc barely misses you. The orc hits you with a +0 flail.
You die...

###########.
#...).......
#.#.........
#..o####.##. #..##
#..# ########$.#
#..@oo....# #.
#.##oo....# #.
#<........## ##.#
#.###......######...
#.....#...........#.
##.##.#.#.....#.###.
#.##.............#.
#.####.....#...#.#.
#............#.#...


You could see 4 orcs.

Vanquished Creatures
  An orc wizard (D:3)
  A dart slug (D:2)
  An orc (D:3)
  3 ball pythons
  2 endoplasms (D:1)
  4 goblins
  4 hobgoblins
  2 kobolds
  4 quokkas
  2 bats (D:2)
  4 frilled lizards
  4 rats
32 creatures vanquished.

Notes
Turn   | Place    | Note
-------+----------+-------------------------------------------
     0 | D:1      | Pimp the Spriggan Brigand began the quest for the Orb.
     0 | D:1      | Reached XP level 1. HP: 10/10 MP: 2/2
   113 | D:1      | Reached skill level 6 in Stealth
   193 | D:1      | You fall into a shaft and drop 1 floor!
   229 | D:2      | Reached XP level 2. HP: 15/15 MP: 3/3
   824 | D:3      | Reached XP level 3. HP: 18/18 MP: 4/4
  1062 | D:3      | Slain by an orc

Illustrated notes

Levels and vault maps discovered:
D:1:      shiori_shiawase, layout_basic
D:2:      layout_basic
D:3:      layout_basic, chei_slow_surprise, fedhas_altar_fruit_tree,
          tso_metal_star

Skill      XL: |  1  2  3 |
---------------+----------+-----
Stealth        | 6 |  6.4
Dodging        | 2 |  2.5
Fighting       | 2 |  2.1
Short Blades   | |  2.8
Throwing       | |  2.5

Action                     || total
---------------------------++-------
  Melee: Dagger            ||   117
    Use: Scroll            ||     2
   Stab: Sleeping          ||     6
         Distracted        ||     1
 Armour: Robe              ||    30
  Dodge: Dodged            ||    82

Table legend: (Time is in decaauts)
 A = Elapsed time spent in this place.
 B = Non-inter-level travel time spent in this place.
 C = Inter-level travel time spent in this place.
 D = Time resting spent in this place.
 E = Time spent auto-exploring this place.
 F = Levels seen in this place.
 G = Mean time per level.
                   A        B        C        D        E       F      G
               +--------+--------+--------+--------+--------+-----+--------+
         Total |    713 |    713 |      0 |     41 |    406 |   3 |  237.7 |
       Dungeon |    713 |    713 |      0 |     41 |    406 |   3 |  237.7 |
               +--------+--------+--------+--------+--------+-----+--------+

Top non-repeatable levels by time:
     D:2: 402 daAuts
     D:3: 159 daAuts
     D:1: 151 daAuts
